 Dungeon Crawl Stone Soup version 0.17-a0-1133-gfb1399f (webtiles) character file.

17133 Hanyuu the Martial Artist (level 12, -2/85 HPs)
             Began as an Octopode Transmuter on May 25, 2015.
             Was a High Priest of Makhleb.
             Slain by a basilisk (4 damage)
             ... on level 3 of the Lair of Beasts.
             The game lasted 00:56:12 (15380 turns).

Hanyuu the Martial Artist (Octopode Transmuter)    Turns: 15380, Time: 00:56:13

Health: -2/85      AC:  2    Str: 10    XL:     12   Next: 44%
Magic:  26/29      EV:  5    Int: 20    God:    Makhleb [*****.]
Gold:   750        SH:  0    Dex: 25    Spells: 7 memorised, 2 levels left

rFire  + . .     SeeInvis .       - Unarmed
rCold  + . .     Clarity  .     (shield currently unavailable)
rNeg   + + +     SustAt   .     (helmet currently unavailable)
rPois  ∞         Gourm    .     Y - amulet of resist corrosion
rElec  .         Spirit   .     j - ring of magical power
rCorr  +         Warding  .     r - +4 ring of intelligence
rMut   .         Stasis   .     l - ring of protection from cold
MR     .....                    Z - ring of stealth
Stlth  +++.......               A - ring of protection from fire
                                L - +4 ring of dexterity
                                P - +4 ring of evasion
                                S - ring of flight

@: spider-form, petrified, very slightly contaminated, drained, not resistant to
hostile enchantments, fairly stealthy
A: almost no armour, amphibious, 8 rings, (constrict 8), (camouflage 0),
(gelatinous body 0)
a: End Transformation, Minor Destruction, Lesser Servant of Makhleb, Major
Destruction, Greater Servant of Makhleb, Renounce Religion, Evoke Flight


You were on level 3 of the Lair of Beasts.
You worshipped Makhleb.
Makhleb was extremely pleased with you.
You were not hungry.
You were a venomous arachnid creature.
You visited 2 branches of the dungeon, and saw 13 of its levels.
You also visited: Labyrinth, Sewer and Ossuary.

You collected 750 gold pieces.

Inventory:

Missiles
 a - 137 arrows
 i - 5 stones (quivered)
 y - 4 throwing nets
 M - 3 poisoned tomahawks
 R - 14 poisoned needles
Armour
 O - a +2 hat (melded)
Magical staves
 H - an uncursed staff of power
Jewellery
 j - a ring of magical power (left front leg)
 l - a ring of protection from cold (on tentacle)
 r - a +4 ring of intelligence (right front leg)
 A - a ring of protection from fire (on tentacle)
 F - an uncursed amulet of guardian spirit
 L - a +4 ring of dexterity (on tentacle)
 P - a +4 ring of evasion (on tentacle)
 Q - an uncursed ring of fire
 S - a ring of flight (on tentacle)
 U - an uncursed amulet of clarity
 Y - an amulet of resist corrosion (around neck)
 Z - a ring of stealth (on tentacle)
Magical devices
 d - a wand of slowing (17)
 g - a wand of polymorph (10)
 s - a wand of flame (26)
 B - a wand of paralysis (13)
 D - a wand of lightning (6)
 T - a wand of heal wounds (0)
Scrolls
 f - a scroll of magic mapping
 h - 10 scrolls of remove curse
 z - 4 scrolls of fear
 C - 3 scrolls of identify
 E - a scroll of blinking
 K - a scroll of teleportation
 N - a scroll of fog
Potions
 e - 6 potions of agility
 n - 2 potions of magic
 o - a potion of cure mutation
 p - a potion of invisibility
 u - 2 potions of brilliance
 x - 3 potions of lignification
 G - a potion of flight
 I - 2 potions of berserk rage
 J - a potion of resistance
 V - 2 potions of might
Books
 b - a book of Changes

   Spells                             Type                      Level
   a - Beastly Appendage              Transmutation                1
   b - Sticks to Snakes               Transmutation                2
   c - Spider Form                    Transmutation/Poison         3
   d - Ice Form                       Ice/Transmutation            4
   e - Blade Hands                    Transmutation                5
 q - a book of Callings

   Spells                             Type                      Level
   a - Summon Small Mammal            Summoning                    1
   b - Call Imp                       Summoning                    2
   c - Call Canine Familiar           Summoning                    3
   d - Summon Guardian Golem          Hexes/Summoning              3
   e - Summon Lightning Spire         Summoning/Air                4
   f - Summon Ice Beast               Ice/Summoning                4
 t - a book of Ice

   Spells                             Type                      Level
   a - Ice Form                       Ice/Transmutation            4
   b - Metabolic Englaciation         Hexes/Ice                    5
   c - Ozocubu's Refrigeration        Ice                          6
   d - Bolt of Cold                   Conjuration/Ice              6
   e - Freezing Cloud                 Conjuration/Ice/Air          6
   f - Simulacrum                     Ice/Necromancy               6
 w - a book of Geomancy

   Spells                             Type                      Level
   a - Sandblast                      Earth                        1
   b - Stoneskin                      Transmutation/Earth          2
   c - Passwall                       Transmutation/Earth          3
   d - Stone Arrow                    Conjuration/Earth            3
   e - Petrify                        Transmutation/Earth          4
   f - Lee's Rapid Deconstruction     Earth                        5
Comestibles
 c - 7 bread rations
 k - 4 slices of pizza
 m - 6 beef jerkies
 v - 2 meat rations


   Skills:
 + Level 9.1(9.0) Fighting
 - Level 9.0(8.9) Dodging
 * Level 13.8(13.7) Unarmed Combat
 + Level 5.3 Spellcasting
 - Level 5.0(4.9) Transmutations
 - Level 2.1(2.0) Invocations


You had 2 spell levels left.
You knew the following spells:

 Your Spells              Type           Power        Failure   Level  Hunger
a - Beastly Appendage     Trmt           ####..       6%          1    None
b - Sticks to Snakes      Trmt           ####......   10%         2    None
c - Spider Form           Trmt/Pois      ###.......   32%         3    ##.....
d - Call Imp              Summ           #.......     41%         2    None
e - Blade Hands           Trmt           ####......   67%         5    #####..
f - Ice Form              Ice/Trmt       ###.....     67%         4    ####...
g - Stoneskin             Trmt/Erth      ###.....     24%         2    None


Dungeon Overview and Level Annotations

Branches:
Dungeon (10/15)            Temple (0/1) D:7            Lair (3/8) D:10
    Orc (0/4) D:10
  Swamp: Lair:3-6    Shoals: Lair:3-6     Snake: Lair:3-6    Spider: Lair:3-6

Altars:
Cheibriados
Dithmenos
Elyvilon
Kikubaaqudgha
Makhleb
Nemelex Xobeh
Okawaru
Xom

Shops:
D:5 (

Annotations:
Lair:3 Fannar


Innate Abilities, Weirdness & Mutations

You cannot wear most types of armour.
You are amphibious.
You can wear up to eight rings at the same time.
((You can use your tentacles to constrict eight enemies at once.))
((Your skin changes colour to match your surroundings (Stealth).))
((Your rubbery body absorbs attacks (AC +1).))


Message History

* * * LOW HITPOINT WARNING * * *
The river rat bites you.
* * * LOW HITPOINT WARNING * * *
The basilisk bites you.
* * * LOW HITPOINT WARNING * * *
The river rat completely misses you.
A river rat comes into view.
The river rat bites you but does no damage.
The river rat barely misses you.
Fannar drinks a potion.
Fannar is healed!
The ice beast hits you.
* * * LOW HITPOINT WARNING * * *
The ice beast freezes you. You resist.
* * * LOW HITPOINT WARNING * * *
The river rat bites you.
* * * LOW HITPOINT WARNING * * *
The river rat bites you but does no damage.
The river rat bites you.
* * * LOW HITPOINT WARNING * * *
The basilisk bites you!
You die...

... .♣ )r.
.... ..#
..+.# ###[.
...#
#.#.##P.##
##..r.....#
#..rlr...#
#.rsrY..##
##eYr....##
#..Y.......
##......#..
#.......# #
#.......#
###$#..P#
#..####
#[.##


You could see Fannar, a basilisk, 3 ice beasts and 7 river rats.

Vanquished Creatures
  Gastronok (D:8)
  A minotaur (Lab)
  Harold (Lair:2)
  Nergalle (Lair:2)
  Pikel (D:8)
  2 hill giants (D:10)
  A centaur zombie (D:10)
  Joseph (D:10)
  3 torpor snails (Lair:1)
  3 gargoyles (Lab)
  A komodo dragon (Lair:1)
  2 spiny frogs
  Prince Ribbit (D:8)
  A minotaur skeleton (Lab)
  A deep elf mage (D:9)
  A hungry ghost (D:9)
  11 yaks
  2 hippogriffs
  Grum (D:8)
  2 shadows (Lab)
  6 wolves
  3 wargs (D:10)
  The ghost of Charly the Magician, an average DEFE (Sewer)
  A water moccasin (D:7)
  4 slaves (D:8)
  An orc warrior (D:10)
  3 ice beasts
  A black bear (Lair:2)
  3 porcupines
  A phantom (D:9)
  3 centaurs
  4 crocodiles
  6 ogres
  9 giant frogs
  2 scorpions
  4 killer bees (D:8)
  7 crimson imps
  6 hounds
  2 quasits
  3 jellies
  Crazy Yiuf (D:7)
  A giant frog skeleton (D:10)
  3 orc priests
  3 iguanas
  10 orc wizards
  4 worker ants
  A killer bee zombie (D:6)
  7 sheep (Lair:1)
  An ogre skeleton (Lab)
  2 hound skeletons
  9 adders
  18 river rats
  2 shadow imps
  2 oozes
  2 adder zombies
  2 adder skeletons
  2 worms
  8 giant geckos
  22 orcs
  4 ball pythons
  2 bat skeletons
  6 giant cockroaches
  21 hobgoblins
  11 kobolds
  3 quokkas
  15 bats
  11 giant newts
  15 goblins
  2 goblin zombies (D:5)
  11 jackals
  A quokka skeleton (D:4)
  15 rats
325 creatures vanquished.

Vanquished Creatures (collateral kills)
  A gargoyle (Lab)
1 creature vanquished.

Vanquished Creatures (others)
  A plant (Lair:1)
1 creature vanquished.

Grand Total: 327 creatures vanquished

Notes
Turn   | Place    | Note
--------------------------------------------------------------
     0 | D:1      | Hanyuu the Octopode Transmuter began the quest for the Orb.
     0 | D:1      | Reached XP level 1. HP: 13/13 MP: 3/3
   245 | D:1      | Reached XP level 2. HP: 18/18 MP: 5/5
  1015 | D:1      | Reached skill level 4 in Unarmed Combat
  1264 | D:1      | Reached XP level 3. HP: 20/23 MP: 6/6
  1268 | D:1      | Learned a level 2 spell: Sticks to Snakes
  1272 | D:1      | Learned a level 3 spell: Spider Form
  1766 | D:2      | Found an iron altar of Okawaru.
  2140 | D:3      | Reached XP level 4. HP: 6/28 MP: 7/7
  2224 | D:3      | Found a shimmering altar of Xom.
  2225 | D:3      | Found a white marble altar of Elyvilon.
  2227 | D:3      | Found a shadowy altar of Dithmenos.
  2287 | D:3      | Found a glowing drain.
  2292 | Sewer    | Entered a sewer
  2436 | Sewer    | HP: 1/28 [poisoned by an adder]
  2760 | Sewer    | Reached skill level 5 in Unarmed Combat
  2769 | Sewer    | Reached XP level 5. HP: 33/33 MP: 8/8
  2823 | Sewer    | Noticed Charly's ghost (average DEFE)
  2908 | Sewer    | Killed Charly's ghost
  2908 | Sewer    | Reached XP level 6. HP: 21/39 MP: 9/9
  3089 | Sewer    | Noticed a giant frog
  3099 | Sewer    | Killed a giant frog
  3099 | Sewer    | Reached skill level 6 in Unarmed Combat
  3106 | Sewer    | Noticed a giant frog
  3115 | Sewer    | Killed a giant frog
  3634 | D:3      | Reached XP level 7. HP: 42/46 MP: 10/10
  3685 | D:3      | Found a burning altar of Makhleb.
  3695 | D:3      | Became a worshipper of Makhleb the Destroyer
  4733 | D:4      | Learned a level 2 spell: Call Imp
  4867 | D:4      | Acquired Makhleb's first power
  4995 | D:4      | Reached skill level 7 in Unarmed Combat
  5211 | D:5      | Entered Level 5 of the Dungeon
  5261 | D:5      | Found a sand-covered staircase.
  5284 | Ossuary  | Entered an ossuary
  5304 | Ossuary  | HP: 1/46 [mummy (10)]
  5312 | Ossuary  | HP: 2/46 [goblin zombie (1)]
  5674 | D:5      | Found Omaerux's Weapon Emporium.
  6253 | D:5      | Reached XP level 8. HP: 40/52 MP: 12/12
  6530 | D:5      | Acquired Makhleb's second power
  6731 | D:6      | Reached skill level 8 in Unarmed Combat
  7547 | D:7      | Found an ancient bone altar of Kikubaaqudgha.
  7811 | D:7      | Noticed Crazy Yiuf
  7821 | D:7      | Killed Crazy Yiuf
  7821 | D:7      | Reached skill level 9 in Unarmed Combat
  7924 | D:7      | Found a sparkling altar of Nemelex Xobeh.
  8271 | D:7      | Reached XP level 9. HP: 54/59 MP: 13/13
  8306 | D:7      | Found a staircase to the Ecumenical Temple.
  8583 | D:8      | Noticed Prince Ribbit
  8583 | D:8      | Noticed Grum
  8593 | D:7      | Acquired Makhleb's third power
  8663 | D:8      | Reached skill level 5 in Dodging
  8723 | D:8      | Killed Grum
  8753 | D:8      | Killed Prince Ribbit
  8753 | D:8      | Reached skill level 5 in Fighting
  8763 | D:8      | Reached skill level 10 in Unarmed Combat
  9066 | D:8      | Noticed Pikel
  9113 | D:8      | Killed Pikel
  9190 | D:8      | Noticed Gastronok
  9218 | D:8      | Killed Gastronok
  9218 | D:8      | Reached skill level 11 in Unarmed Combat
  9218 | D:8      | Reached XP level 10. HP: 60/69 MP: 10/16
  9437 | D:9      | Identified a scroll of acquirement
  9651 | D:8      | Acquired Makhleb's fourth power
  9855 | D:9      | Reached XP level 11. HP: 75/75 MP: 18/18
  9866 | D:9      | Reached skill level 5 in Spellcasting
 10189 | D:9      | Reached skill level 12 in Unarmed Combat
 10428 | D:10     | Entered Level 10 of the Dungeon
 10511 | D:10     | Acquired Makhleb's fifth power
 10597 | D:10     | Found a staircase to the Orcish Mines.
 10619 | D:10     | Noticed a hill giant
 10632 | D:10     | Killed a hill giant
 10651 | D:10     | Noticed Joseph
 10662 | D:10     | Killed Joseph
 10662 | D:10     | Reached skill level 5 in Transmutations
 10793 | D:10     | Found a staircase to the Lair.
 10828 | D:10     | Noticed a hill giant
 10837 | D:10     | Killed a hill giant
 11014 | D:10     | Reached skill level 1 in Invocations
 11296 | Lair:1   | Entered Level 1 of the Lair of Beasts
 11516 | Lair:1   | Learned a level 5 spell: Blade Hands
 11861 | Lair:1   | Found a snail-covered altar of Cheibriados.
 12207 | Lair:1   | Noticed a six-headed hydra
 12671 | Lair:2   | Reached skill level 13 in Unarmed Combat
 12769 | Lair:2   | Found a labyrinth entrance.
 12775 | Lab      | Entered a labyrinth
 13387 | Lab      | Reached XP level 12. HP: 84/84 MP: 19/19
 14085 | Lab      | Noticed a minotaur
 14095 | Lab      | Killed a minotaur
 14206 | Lair:2   | Noticed Harold
 14229 | Lair:2   | Killed Harold
 14453 | Lair:2   | Learned a level 4 spell: Ice Form
 14514 | Lair:2   | Noticed Nergalle
 14532 | Lair:2   | Killed Nergalle
 14846 | Lair:2   | Learned a level 2 spell: Stoneskin
 15361 | Lair:3   | Noticed Fannar
 15380 | Lair:3   | HP: 3/85 [river rat (2)]
 15380 | Lair:3   | Slain by a basilisk

Vault maps used:
D:1:      dpeg_arrival_morbid_curiosity, st_stairs_10
D:2:      okawaru_ov_weapons_minmay, first_bread
D:3:      bloody_makhleb, grunt_temple_overflow_open, portal_sewer_entry_e
D:5:      serial_shops, shop, enter_ossuary_4
D:7:      nicolae_overflow_crystal_walls, kiku_gazebo_pond_becter, temple_green,
          uniq_crazy_yiuf_cottage
D:8:      uniq_prince_ribbit1, uniq_grum, uniq_gastronok, uniq_pikel
D:10:     erik_lair_orcish_takeover, orc_0_dummy, uniq_joseph
Lair:1:   kennysheep_snail_temple
Lair:2:   lab_entry_generic, st_stairs_4, uniq_nergalle, uniq_harold
Lair:3:   swamp_mist_pool, infiniplex_staircase_pool, uniq_fannar
Lab:      labyrinth_spiral, nicolae_lab_arrow, labyrinth_skeletal_remains,
          nicolae_lab_diamond, nicolae_lab_swirl, nicolae_lab_big_swirl,
          nicolae_lab_statue, nicolae_lab_dead_end
Sewer:    sewer_frog_island_01
Ossuary:  ossuary_minmay_tomb_2a

Action                   |  1- 3 |  4- 6 |  7- 9 | 10-12 || total
-------------------------+-------+-------+-------+-------++-------
Melee: Unarmed           |   105 |    85 |   364 |   509 ||  1063
Throw: Stone             |       |       |     4 |       ||     4
 Cast: Beastly Appendage |     1 |     3 |     7 |     3 ||    14
       Spider Form       |     1 |     4 |    19 |    33 ||    57
       Call Imp          |       |       |     1 |       ||     1
       Sticks to Snakes  |       |       |       |    17 ||    17
       Blade Hands       |       |       |       |     1 ||     1
Evoke: Wand              |       |       |     2 |     4 ||     6
  Use: Scroll            |     8 |     5 |    11 |    10 ||    34
       Potion            |       |     2 |       |       ||     2
 Stab: Sleeping          |    11 |     3 |    20 |    11 ||    45
       Distracted        |       |       |       |     4 ||     4
  Eat: Chunk             |     4 |     5 |    16 |    16 ||    41
       Meat ration       |       |       |     1 |     2 ||     3
